 Dungeon Crawl Stone Soup version 0.30-a0-34-gbe8da3892a (webtiles) character file.

Game seed: 11181354146298363776

641789 ytrimaz the Sorcerer (level 27, -22/199 HPs)
             Began as an Octopode Transmuter on Aug 27, 2022.
             Was a High Priest of Ashenzari.
             Killed from afar by a hellion (40 damage)
             ... with damnation
             ... on level 4 of Cocytus.
             The game lasted 02:26:43 (54601 turns).

ytrimaz the Sorcerer (Octopode Transmuter)         Turns: 54601, Time: 02:26:44

Health: -22/199    AC: 29    Str: 16      XL:     27
Magic:  63/63      EV: 36    Int: 33 (34) God:    Ashenzari [*****.]
Gold:   3691       SH:  0    Dex: 10      Spells: 53/80 levels left

rFire   + + .      SeeInvis +      - Unarmed
rCold   + + +      Faith    .    (shield currently unavailable)
rNeg    + . .      Spirit   .    (helmet currently unavailable)
rPois   ∞          Reflect  .    c - amulet "Ruined With Me" {Regen+, Bglg, Melee} (curse)
rElec   +          Harm     .    d - ring of the Chained Sorrow {Int+6, Bglg, Cun} (curse)
rCorr   +          Rampage  .    i - ring of the Ruined Sybil {*Corrode rC+++ AC+4 Int+3 Stlth-, Elem, Melee} (curse)
Will    +++++      Clarity  +    b - ring of the Profound Sky {rF+ Will+ MP+9 Str+7 Stlth-, Comp, Cun} (curse)
Stlth   +++++.....               n - ring "Share My Free Will" {rN+, Evo, Alch} (curse)
HPRegen 1.23/turn                j - ring "Bound With Me" {rCorr, Alch, Self} (curse)
MPRegen 0.38/turn                v - ring of Ashenzari's Planets {rPois AC+4 Dex-5 Stlth+, Comp, Alch} (curse)
                                 E - ring of the All-seeing Doubts {Fly rF+ Will+, Melee, Alch} (curse)
                                 R - ring of the Lashed Planets {EV+4, Elem, Alch} (curse)

@: about to teleport, storm-form, wereblooded, flying, studying 2 skills, unable
to drink
A: cleaving, insubstantial, flying, almost no armour, amphibious, 8 rings,
(camouflage 1), (gelatinous body 1), (nimble swimmer 1), (tentacles),
deterioration 1, strong-willed 1, weak 1
}: 5/15 runes: serpentine, barnacled, slimy, silver, abyssal
a: Blinkbolt, End Transformation, Renounce Religion, Curse Item, Shatter the
Chains


You were on level 4 of Cocytus.
You worshipped Ashenzari.
Ashenzari was extremely pleased with you.
You were a lightning-filled tempest!
You visited 13 branches of the dungeon, and saw 54 of its levels.
You visited the Abyss 1 time.
You visited 1 bazaar.
You also visited: Sewer, Ossuary, Bailey, Ice Cave and Desolation.

You collected 9076 gold pieces.
You spent 5385 gold pieces at shops.

Inventory:

Missiles
 q - 2 throwing nets
Armour
 P - the cursed +1 hat of the Pangnostic Augurer (melded) {Elem, Melee}
   (You found it on level 2 of the Shoals)

   It has a curse which improves the following skills: Elements: Fire Magic, Ice
   Magic, Air Magic and Earth Magic.
   Melee Combat: Short Blades, Long Blades, Axes, Maces & Flails, Polearms,
   Staves and Unarmed Combat.
Jewellery
 b - the cursed ring of the Profound Sky (on tentacle) {rF+ Will+ MP+9 Str+7 Stlth-, Comp, Cun}
   (You acquired it on level 1 of the Dungeon)

   [ring of willpower]

   Str:       It affects your strength (+7).
   rF:        It protects you from fire.
   MP:        It affects your magic capacity (+9).
   Will:      It increases your willpower.
   Stlth:     It makes you less stealthy.
   It has a curse which improves the following skills: Companions: Summonings
   and Necromancy.
   Cunning:   Dodging and Stealth.
 c - the cursed amulet "Ruined With Me" (around neck) {Regen+, Bglg, Melee}
   (You found it on level 1 of the Dungeon)

   [amulet of regeneration]

   Regen:     It increases your rate of health regeneration.
   It has a curse which improves the following skills: Beguiling: Conjurations,
   Hexes and Translocations.
   Melee Combat: Short Blades, Long Blades, Axes, Maces & Flails, Polearms,
   Staves and Unarmed Combat.
 d - the cursed ring of the Chained Sorrow (left tentacle) {Int+6, Bglg, Cun}
   (You found it on level 1 of the Dungeon)

   [ring of intelligence]

   Int:       It affects your intelligence (+6).
   It has a curse which improves the following skills: Beguiling: Conjurations,
   Hexes and Translocations.
   Cunning:   Dodging and Stealth.
 i - the cursed ring of the Ruined Sybil (right tentacle) {*Corrode rC+++ AC+4 Int+3 Stlth-, Elem, Melee}
   (You acquired it on level 3 of the Shoals)

   [ring of protection]

   AC:        It affects your AC (+4).
   Int:       It affects your intelligence (+3).
   rC:        It renders you almost immune to cold.
   *Corrode:  It may corrode you when you take damage.
   Stlth:     It makes you less stealthy.
   It has a curse which improves the following skills: Elements: Fire Magic, Ice
   Magic, Air Magic and Earth Magic.
   Melee Combat: Short Blades, Long Blades, Axes, Maces & Flails, Polearms,
   Staves and Unarmed Combat.
 j - the cursed ring "Bound With Me" (on tentacle) {rCorr, Alch, Self}
   (You found it in a sewer)

   [ring of resist corrosion]

   rCorr:     It protects you from acid and corrosion.
   It has a curse which improves the following skills: Alchemy: Poison Magic and
   Transmutations.
   Introspection: Fighting and Spellcasting.
 n - the cursed ring "Share My Free Will" (on tentacle) {rN+, Evo, Alch}
   (You found it on level 3 of the Dungeon)

   [ring of positive energy]

   rN:        It protects you from negative energy.
   It has a curse which improves the following skills: Evocations: Evocations.
   Alchemy:   Poison Magic and Transmutations.
 t - a +4 ring of evasion
 v - the cursed ring of Ashenzari's Planets (on tentacle) {rPois AC+4 Dex-5 Stlth+, Comp, Alch}
   (You found it on level 5 of the Dungeon)

   [ring of protection]

   AC:        It affects your AC (+4).
   Dex:       It affects your dexterity (-5).
   rPois:     It protects you from poison.
   Stlth:     It makes you more stealthy.
   It has a curse which improves the following skills: Companions: Summonings
   and Necromancy.
   Alchemy:   Poison Magic and Transmutations.
 E - the cursed ring of the All-seeing Doubts (on tentacle) {Fly rF+ Will+, Melee, Alch}
   (You bought it in a shop in a bazaar)

   [ring of flight]

   rF:        It protects you from fire.
   Fly:       It grants you flight.
   Will:      It increases your willpower.
   It has a curse which improves the following skills: Melee Combat: Short
   Blades, Long Blades, Axes, Maces & Flails, Polearms, Staves and Unarmed
   Combat.
   Alchemy:   Poison Magic and Transmutations.
 R - the cursed ring of the Lashed Planets (on tentacle) {EV+4, Elem, Alch}
   (You found it on level 3 of the Elven Halls)

   [ring of evasion]

   EV:        It affects your evasion (+4).
   It has a curse which improves the following skills: Elements: Fire Magic, Ice
   Magic, Air Magic and Earth Magic.
   Alchemy:   Poison Magic and Transmutations.
Wands
 e - a wand of acid (13)
 s - a wand of mindburst (5)
 y - a wand of digging (2)
 A - a wand of roots (43)
 B - a wand of polymorph (13)
 D - a wand of flame (52)
 I - a wand of charming (50)
Scrolls
 f - 26 scrolls of teleportation
 k - 14 scrolls of immolation
 x - 10 scrolls of enchant armour
 z - 17 scrolls of enchant weapon
 F - 5 scrolls of amnesia
 J - 8 scrolls of poison
 L - 5 scrolls of fog
 N - 5 scrolls of brand weapon
 O - 10 scrolls of fear
 T - 5 scrolls of magic mapping
 W - 2 scrolls of summoning
 Y - 3 scrolls of silence
Potions
 g - 7 potions of magic
 h - 7 potions of cancellation
 l - 5 potions of lignification
 m - 6 potions of resistance
 p - 5 potions of might
 u - 5 potions of attraction
 w - 29 potions of curing
 C - 6 potions of ambrosia
 G - 4 potions of berserk rage
 H - 9 potions of brilliance
 K - 13 potions of heal wounds
 M - 3 potions of invisibility
 S - 4 potions of haste
Miscellaneous
 o - the horn of Geryon
 r - a condenser vane


   Skills:
 - Level 17.2(19.3) Fighting
 - Level 0.3 Throwing
 * Level 22.4(25.4) Dodging
 - Level 13.1(16.5) Stealth
 - Level 17.2(21.5) Unarmed Combat
 - Level 25.3(27) Spellcasting
 - Level 14.5(20.8) Transmutations
 - Level 4.0(7.1) Ice Magic
 - Level 18.2(21.4) Air Magic
 - Level 8.0(11.5) Earth Magic
 - Level 4.0(9.5) Poison Magic


You had 53 spell levels left.
You knew the following spells:

 Your Spells              Type           Power      Damage    Failure   Level
a - Blink                 Tloc           94%        N/A       1%          2
b - Wereblood             Tmut           100%       N/A       0%          2
c - Statue Form           Tmut/Erth      66%        N/A       1%          6
d - Storm Form            Tmut/Air       55%        N/A       1%          7
e - Yara's Violent Unrav  Hex/Tmut       43%        3d17      1%          5
f - Lee's Rapid Deconstr  Erth           44%        3d22*     1%          5

Your spell library contained the following spells:

 Spells                   Type           Power      Damage    Failure   Level
 Beastly Appendage        Tmut           100%       N/A       0%          1
 Sandblast                Erth           100%       2d20      0%          1
 Shock                    Conj/Air       100%       1d9       0%          1
 Sting                    Tmut/Pois      100%       1d8       0%          1
 Passwall                 Tmut/Erth      83%        N/A       0%          2
 Poisonous Vapours        Pois/Air       100%       N/A       0%          2
 Static Discharge         Conj/Air       100%       3-10/arc  0%          2
 Spider Form              Tmut/Pois      98%        N/A       0%          3
 Swiftness                Air            100%       N/A       0%          3
 Airstrike                Air            55%        2d(8-24)  0%          4
 Ice Form                 Ice/Tmut       95%        N/A       0%          4
 Petrify                  Tmut/Erth      100%       N/A       0%          4
 Blade Hands              Tmut           55%        N/A       0%          5
 Foxfire                  Conj/Fire      100%       2x1d9     1%          1
 Magic Dart               Conj           100%       1d8       1%          1
 Necrotise                Necr           100%       1d9       1%          1
 Slow                     Hex            100%       N/A       1%          1
 Call Imp                 Summ           47%        N/A       1%          2
 Ensorcelled Hibernation  Hex/Ice        100%       N/A       1%          2
 Searing Ray              Conj           94%        2d7       1%          2
 Confusing Touch          Hex            47%        N/A       1%          3
 Conjure Flame            Conj/Fire      47%        6-21      1%          3
 Dazzling Flash           Conj/Hex       94%        N/A       1%          3
 Gell's Gravitas          Tloc           47%        N/A       1%          3
 Ignite Poison            Fire/Tmut/Pois 85%        N/A       1%          3
 Inner Flame              Hex/Fire       47%        N/A       1%          3
 Lesser Beckoning         Tloc           47%        N/A       1%          3
 Mephitic Cloud           Conj/Pois/Air  85%        N/A       1%          3
 Ozocubu's Armour         Ice            75%        N/A       1%          3
 Portal Projectile        Hex/Tloc       94%        N/A       1%          3
 Stone Arrow              Conj/Erth      100%       3d13      1%          3
 Summon Guardian Golem    Hex/Summ       47%        N/A       1%          3
 Teleport Other           Tloc           47%        N/A       1%          3
 Tukima's Dance           Hex            47%        N/A       1%          3
 Vampiric Draining        Necr           47%        2d9       1%          3
 Corpse Rot               Necr/Pois/Air  85%        N/A       1%          4
 Hailstorm                Conj/Ice       62%        3d13      1%          4
 Olgreb's Toxic Radiance  Pois           82%        N/A       1%          4
 Summon Lightning Spire   Summ/Air       86%        N/A       1%          4
 Alistair's Intoxication  Tmut/Pois      65%        N/A       1%          5
 Borgnjor's Vile Clutch   Necr/Erth      35%        N/A       1%          5
 Freezing Cloud           Conj/Ice/Air   41%        6-21      1%          5
 Lightning Bolt           Conj/Air       43%        1d62      1%          5
 Silence                  Hex/Air        43%        N/A       1%          5
 Conjure Ball Lightning   Conj/Air       43%        3x3d15    1%          6
 Eringya's Noxious Bog    Tmut/Pois      49%        N/A       1%          6
 Dragon Form              Tmut           55%        N/A       1%          7
 Maxwell's Capacitive Co  Air            55%        ∞         1%          8
 Metabolic Englaciation   Hex/Ice        31%        N/A       3%          5
 Cause Fear               Hex            23%        N/A       4%          4
 Flame Wave               Conj/Fire      47%        2d12      4%          4
 Fulminant Prism          Conj/Hex       23%        3d13      4%          4
 Iskenderun's Mystic Bla  Conj/Tloc      47%        2d10      4%          4
 Passage of Golubria      Tloc           47%        N/A       4%          4
 Sticky Flame             Conj/Fire      47%        2d6       4%          4
 Iron Shot                Conj/Erth      35%        9d7       7%          6
 Agony                    Necr           47%        N/A       12%         5
 Fireball                 Conj/Fire      23%        3d11      12%         5
 Iskenderun's Battlesphe  Conj           47%        2d10      12%         5
 Manifold Assault         Tloc           47%        N/A       12%         5
 Summon Forest            Summ/Tloc      23%        N/A       12%         5
 Summon Mana Viper        Hex/Summ       47%        N/A       12%         5
 Simulacrum               Ice/Necr       31%        N/A       16%         6
 Ozocubu's Refrigeration  Ice            37%        4d15      22%         7
 Necromutation            Tmut/Necr      43%        N/A       38%         8
 Death Channel            Necr           23%        N/A       54%         6
 Dispersal                Tloc           23%        N/A       54%         6
 Summon Cactus Giant      Summ           23%        N/A       54%         6
 Lehudib's Crystal Spear  Conj/Erth      35%        10d9      96%         8
 Enfeeble                 Hex            23%        N/A       98%         7
 Haunt                    Necr/Summ      23%        N/A       98%         7
 Malign Gateway           Summ/Tloc      23%        N/A       98%         7
 Orb of Destruction       Conj           23%        9d8       98%         7
 Spellforged Servitor     Conj/Summ      23%        N/A       98%         7
 Chain Lightning          Conj/Air       43%        3d57      99%         9
 Shatter                  Erth           44%        3d34*     99%         9
 Borgnjor's Revivificati  Necr           23%        N/A       100%        8
 Discord                  Hex            23%        N/A       100%        8
 Disjunction              Tloc           23%        N/A       100%        8
 Summon Horrible Things   Summ           23%        N/A       100%        8
 Death's Door             Necr           23%        N/A       100%        9
 Dragon's Call            Summ           23%        N/A       100%        9
 Fire Storm               Conj/Fire      23%        8d6       100%        9
 Animate Armour           Summ/Erth      Unusable   N/A       N/A         4

Dungeon Overview and Level Annotations

Branches:
Dungeon (15/15)            Temple (1/1) D:4            Lair (5/5) D:10
 Shoals (4/4) Lair:2        Snake (4/4) Lair:2        Slime (5/5) Lair:5
    Orc (2/2) D:12            Elf (3/3) Orc:2        Vaults (5/5) D:14
  Crypt (1/3) Vaults:3     Depths (4/4) D:15           Hell (visited)
    Dis (0/7) Hell            Geh (0/7) Hell            Coc (4/7) Hell
    Tar (0/7) Hell            Zot (0/5) Depths:4      Sewer (visited)
Ossuary (visited)          Bailey (visited)           IceCv (visited)
Desolation (visited)

Altars:
Ashenzari
Cheibriados
Dithmenos
Elyvilon
Fedhas
Gozag
Hepliaklqana
Kikubaaqudgha
Makhleb
Nemelex Xobeh
Okawaru
Qazlal
Ru
Sif Muna
Trog
Uskayaw
Vehumet
Wu Jian
Xom
Yredelemnul
Zin
The Shining One

Shops:
D:3 (   D:4 :   D:14 [?   Orc:2 !([!!   Elf:2 ?   Elf:3 *   Shoals:3 *
Snake:1 [?*?(   Snake:3 *   Vaults:2 [?   Depths:1 :=:=   Depths:2 !

Portals:
Hell: Lair:5 Depths:1 Depths:2 Depths:3 Depths:4
Abyss: Depths:2 Depths:3
Pandemonium: Depths:2 Depths:3
Ziggurat: Depths:3

Annotations:
D:7 1 runed translucent door, Crazy Yiuf
D:12 exclusions: boulder beetle and fire giant


Innate Abilities, Weirdness & Mutations

You are a lightning-filled tempest!
Your electrical attacks strike out in all directions at once.
You are incredibly evasive.
Your insubstantial body is immune to petrification, constriction, and being set on fire You are flying.
You are immune to poison.
Your armour is entirely melded.
You are incapable of wielding weapons or throwing items.
You cannot wear most types of armour.
You are amphibious.
You can wear up to eight rings at the same time.
((Your skin changes colour to match your surroundings (Stealth+).))
((Your rubbery body absorbs attacks. (AC +1, EV +1)))
((You are camouflaged when in or above water. (Stealth+)))
((You have tentacles for arms and can constrict up to eight enemies at once.))
Your body sometimes deteriorates upon taking damage.
You are strong-willed. (Will+)
You are weak. (Str -2)


Message History

Unknown command.
Blink to where?
Press: ? - help, Dir - move target
As you read the scroll of blinking, it crumbles to dust.
Unknown command.
Unknown command.
The shard shrike simulacrum completely misses you.
Your surroundings suddenly seem different.
The ettin simulacrum hits you but does no damage.
The ettin simulacrum barely misses you.
Unknown command.
You blast the Ice Fiend!!!
The Ice Fiend is heavily wounded.
You hit the ettin simulacrum.
You hear a howl!
You hear a roar!
Unknown command.
You blast the Ice Fiend!!!!
You feel a bit better.
You kill the Ice Fiend!
You batter the ettin simulacrum!!
Lightning courses through the ettin simulacrum!
The ettin simulacrum vaporises!
You feel a bit better.
The shadow demon gestures.
Unknown command.
As you read the scroll of teleportation, it crumbles to dust.
You feel strangely unstable.
The tormentor shouts, "I'll tear you apart!"
The Ice Fiend calls on the powers of darkness!
Your body is wracked with pain!
* * * LOW HITPOINT WARNING * * *
Unknown command.
Unknown command.
You batter the elemental wellspring!! You punch the elemental wellspring.
The elemental wellspring is heavily damaged.
You blast the iron giant simulacrum!!!
The iron giant simulacrum vaporises!
You feel a bit better. The hellion gestures at you.
The sphere of damnation explodes!
The damnation engulfs you!!!
You die...

* *** * * *** *~~≈≈≈≈≈≈≈* *#≈≈≈≈~
* **~≈≈≈≈≈≈≈* #≈≈≈≈≈≈~
~≈≈≈≈≈≈≈##≈≈≈≈≈≈≈~ ~*~
≈1≈≈≈≈≈#≈≈≈≈≈≈≈Z ~ ~
~≈≈≈≈≈≈≈≈≈≈≈≈≈≈≈≈~~ ~ * * *
≈≈≈≈≈≈≈≈≈≈≈≈≈≈≈≈≈≈≈≈≈≈≈
~~~~≈≈≈≈≈≈≈E≈≈≈≈≈≈≈≈≈≈≈≈E≈≈ * ~ ~
*#≈≈≈≈v~Z.≈≈≈≈≈≈≈≈≈≈≈≈ ~ ~ {~~* *
##≈≈≈☼.....≈≈≈≈≈≈≈≈≈≈ ~ ~ ~
##≈≈..°.....≈≈≈≈≈≈≈≈ ≈≈≈ *
###≈≈..≈≈.....≈Z≈≈≈≈≈ ≈≈≈#*
####...##Z.........≈≈≈≈≈≈~
≈≈≈≈#*##..^{##.29##2#Z..∩..≈≈≈≈≈*
≈≈≈≈≈###..2##{#R1...#....^.≈≈≈≈≈*
#≈≈≈≈##...#. .2.##..#..≈≈≈≈≈≈≈≈
#≈≈≈≈≈.Z#.#....22#.##.≈≈≈≈≈≈≈#*


You could see 2 Ice Fiends, a wendigo (summoned), an elemental wellspring, a
shadow demon, a nargun, a hellion, a tormentor, an anaconda simulacrum, an ettin
simulacrum (summoned) and a caustic shrike simulacrum (summoned).

Vanquished Creatures
  the Royal Jelly (Slime:5)
  A dread lich (Abyss:2)
  2 ancient liches (Vaults:5)
  Parghit (Depths:4)
  4 shard shrikes (Coc:3)
  5 caustic shrikes (Depths:4)
  Saint Roka (Orc:2)
  Geryon (Hell)
  4 golden dragons
  2 bone dragons
  A pearl dragon (Abyss:2)
  2 profane servitors
  2 hellephants
  Jorgrun (D:13)
  7 liches
  3 tentacled monstrosities
  4 Ice Fiends
  4 titans
  A walking earthen tome (Depths:4)
  20 acid blobs
  7 deep elf blademasters
  A quicksilver dragon (Vaults:5)
  A kraken (Shoals:4)
  Murray (Hell)
  Polyphemus (Shoals:2)
  An Executioner (Abyss:4)
  An ancient champion (Vaults:3)
  Agnes (Snake:4)
  Kirke (Snake:1)
  10 tentacled starspawn
  4 sphinxes
  2 tengu reavers (Vaults:5)
  6 shadow dragons
  Donald (Snake:1)
  4 storm dragons
  6 rockslimes
  4 fire giants
  A draconian monk (Depths:4)
  13 azure jellies
  5 narguns
  2 daevas
  3 nagarajas (Snake:4)
  A revenant (Hell)
  A balrug (Depths:3)
  5 iron dragons
  17 vault wardens
  13 deep elf sorcerers
  3 orc warlords
  Louise (Depths:2)
  4 cacodemons (Abyss:4)
  A draconian shifter (Depths:4)
  A caustic shrike zombie (Hell)
  3 imperial myrmidons (Desolation)
  2 shard shrike simulacra
  9 frost giants
  2 deep elf elementalists
  11 quicksilver oozes
  An ophan (Abyss:4)
  4 reapers
  A juggernaut skeleton (Abyss:3)
  A caustic shrike skeleton (Abyss:4)
  3 war gargoyles
  4 elemental wellsprings (Coc:3)
  5 ironbound thunderhulks
  15 ironbound preservers
  8 stone giants
  A vampire knight (Depths:2)
  99 slime creatures
  34 very ugly things
  6 deep elf demonologists
  A white draconian (IceCv)
  A lorocyproca (Hell)
  A black draconian (Depths:4)
  3 purple draconians (Depths:4)
  11 deep elf annihilators
  3 wendigos
  5 dire elephants
  A yellow draconian (Depths:4)
  3 entropy weavers
  3 red draconians (Depths:4)
  2 halazid warlocks (Desolation)
  4 spark wasps (Depths:4)
  26 ettins
  2 green deaths (Hell)
  2 fire dragons
  A jiangshi (Vaults:3)
  5 blizzard demons
  7 merfolk javelineers
  3 crystal guardians
  7 merfolk impalers
  9 ragged hierophants (Desolation)
  11 deep elf high priests
  10 great orbs of eyes
  2 deep elf death magi (Elf:3)
  19 yaktaur captains
  5 servants of whispers (Desolation)
  Josephine (Orc:2)
  9 ice dragons
  A quicksilver dragon zombie (Hell)
  6 caustic shrike simulacra
  35 vault guards
  A hell beast (Depths:1)
  10 rakshasas
  A radroach (shapeshifter) (Vaults:1)
  Harold (D:12)
  19 centaur warriors
  A boulder beetle (shapeshifter) (Vaults:5)
  13 boulder beetles
  Fannar (Lair:2)
  2 spriggan air magi (Depths:2)
  17 hydras
  An ogre mage (D:15)
  9 peacekeepers
  3 salamander tyrants (Snake:4)
  2 merfolk avatars
  16 ironbound frosthearts
  A two-headed ogre (shapeshifter) (Depths:3)
  6 catoblepae
  10 anacondas
  6 two-headed ogres
  2 merfolk aquamancers (Shoals:4)
  5 satyrs
  2 tengu warriors
  An alligator snapping turtle (Shoals:4)
  4 deep troll shamans
  30 death yaks
  10 hell hogs
  15 naga warriors
  25 dancing weapons
  9 deep troll earth magi
  An orc high priest (Orc:1)
  A vampire mage (Depths:4)
  10 naga sharpshooters
  2 spriggan berserkers
  2 hell knights (Vaults:5)
  9 shock serpents
  9 sun demons
  8 thrashing horrors
  Sonja (D:11)
  A storm dragon zombie (Hell)
  8 soul eaters
  20 deep elf knights
  8 iron trolls
  5 sixfirhies
  2 anaconda zombies (Hell)
  8 salamander mystics
  9 wretched stars
  38 large abominations
  A spark wasp zombie (Hell)
  45 deep trolls
  13 sea snakes
  A shadow demon (Coc:4)
  7 naga ritualists
  2 steelbarb worms (shapeshifter)
  An orange crystal statue (IceCv)
  A skeletal warrior (Vaults:3)
  An obsidian statue (Vaults:2)
  2 spriggan simulacra (Coc:2)
  A flayed ghost (Depths:1)
  6 glowing orange brains
  The ghost of drugrobin the Fighter, a novice DgDe (D:8)
  Pikel (D:6)
  7 deep elf archers
  10 lindwurms
  8 orc knights
  17 wizards
  14 harpies
  29 ironbound convokers
  A fenstrider witch simulacrum (Coc:2)
  3 iron dragon zombies (Hell)
  5 phantasmal warriors
  2 anaconda skeletons
  A shadow dragon zombie (Hell)
  34 deep elf pyromancers
  4 necromancers
  34 deep elf zephyrmancers
  15 mana vipers
  5 orc sorcerers
  18 salamanders
  A salamander (shapeshifter) (D:13)
  2 frost giant zombies (Hell)
  14 fauns
  71 ugly things
  4 oklob plants
  A tengu skeleton (Vaults:1)
  A moth of wrath (shapeshifter) (Elf:1)
  8 shining eyes
  A cyclops (shapeshifter) (D:15)
  11 cyclopes
  2 stone giant zombies
  15 manticores
  A will-o-the-wisp (Abyss:4)
  6 apocalypse crabs
  2 worldbinders
  A sphinx skeleton (Vaults:2)
  An ice statue (Hell)
  6 water nymphs
  An eye of devastation (shapeshifter) (Vaults:5)
  7 molten gargoyles
  17 smoke demons
  5 merfolk sirens
  9 rust devils
  19 vault sentinels
  4 eyes of devastation
  36 black mambas
  15 elephants
  11 guardian serpents
  20 naga magi
  2 titan simulacra (Coc:3)
  18 cane toads
  5 orange demons
  A stone giant skeleton (Abyss:3)
  2 gargoyles
  2 emperor scorpion simulacra
  A kobold demonologist (D:12)
  A storm dragon simulacrum (Coc:1)
  3 unseen horrors (D:12)
  13 rime drakes
  3 hellions
  A demonic crawler (Hell)
  22 komodo dragons
  5 efreet
  A golden dragon simulacrum (Coc:3)
  3 anaconda simulacra
  A minotaur skeleton (Abyss:2)
  45 starcursed masses
  7 freezing wraiths
  A troll (shapeshifter) (Abyss:4)
  A tormentor (Hell)
  5 ice devils
  4 ancient zymes (Abyss:4)
  12 trolls
  42 yaktaurs
  3 tengu conjurers (Depths:3)
  23 merfolk
  A sea snake skeleton (Hell)
  3 hellwings
  2 iron giant simulacra
  4 meliai
  4 red devils
  13 polar bears
  A hydra skeleton (Hell)
  A wolf spider simulacrum (D:15)
  5 hornets
  A harpy skeleton (Abyss:4)
  66 saltlings (Desolation)
  5 wind drakes
  11 dream sheep
  A snapping turtle (shapeshifter) (Vaults:5)
  5 raiju
  An ettin zombie (Abyss:2)
  A stone giant simulacrum (Coc:3)
  An alligator zombie (Hell)
  21 blink frogs
  A spriggan zombie (Hell)
  2 iron dragon simulacra (Coc:3)
  A centaur simulacrum (D:15)
  9 water elementals
  2 spriggans (Depths:4)
  3 shadows
  3 flying skulls (Abyss:4)
  11 snapping turtles
  3 dire elephant simulacra
  2 wyverns
  7 fire bats
  4 ynoxinuls
  63 yaks
  A vampire (Abyss:3)
  8 wraiths
  4 basilisks
  A human (shapeshifter) (Elf:2)
  20 golden eyes
  4 fire elementals
  A hog (Snake:1)
  2 alligator snapping turtle simulacra
  5 chaos spawn
  A sea snake simulacrum (Hell)
  8 vampire mosquitoes (D:12)
  5 neqoxecs
  A naga zombie (Abyss:4)
  2 redbacks (Vaults:1)
  2 steam dragons
  6 harpy simulacra
  3 swamp worms (Lair:1)
  A tengu zombie (Hell)
  40 nagas
  3 wargs
  6 water moccasins
  Duvessa (D:5)
  2 floating eyes
  2 sky beasts
  5 hell hounds
  4 ettin simulacra
  An alligator simulacrum (Hell)
  An elf simulacrum (Vaults:2)
  47 orc warriors
  3 black bears
  4 ice beasts
  7 boggarts
  16 centaurs
  35 wolves
  11 ogres
  2 lemures (D:6)
  9 kobold brigands
  2 elf zombies
  12 bullfrogs
  2 gnoll sergeants (D:9)
  Blork the orc (D:6)
  4 scorpions
  3 earth elementals
  2 elf skeletons
  28 small abominations
  A glowing shapeshifter simulacrum (Vaults:1)
  5 wights (D:7)
  Dowan (D:5)
  6 killer bees (D:9)
  A crimson imp (Abyss:4)
  10 howler monkeys
  3 centaur zombies
  4 quasits (D:8)
  6 human zombies
  17 orc priests
  A gnoll bouda (D:7)
  2 hounds
  10 iguanas
  30 orc wizards
  2 human skeletons
  4 polar bear simulacra (Lair:3)
  6 yak simulacra (Lair:3)
  4 mummies (Ossuary)
  15 gnolls
  A river rat (D:4)
  4 adders
  2 shadow imps
  2 white imps
  An ufetubus (D:6)
  3 dart slugs
  A worm (D:5)
  86 orcs
  11 ball pythons
  8 bats
  8 endoplasms
  9 giant cockroaches
  12 goblins
  13 hobgoblins
  13 kobolds
  9 quokkas
  9 frilled lizards
  A hobgoblin zombie (Ossuary)
  2 kobold zombies (Ossuary)
  2 orc skeletons (D:4)
  An orc zombie (D:4)
  11 rats
  A river rat simulacrum (Lair:3)
  A butterfly (Lair:2)
  A lurking horror (Abyss:4)
  9 starspawn tentacles
  6 tentacles (Shoals:4)
2713 creatures vanquished.

Vanquished Creatures (collateral kills)
  A salamander tyrant (Snake:4)
1 creature vanquished.

Vanquished Creatures (others)
  A reaper (Hell)
  A yaktaur captain (Vaults:5)
  A deep elf knight (Elf:2)
  A deep elf archer (Elf:1)
  2 spriggan simulacra
  A stone giant simulacrum (Coc:3)
  A human (Snake:1)
  A small abomination (Abyss:2)
  An ettin simulacrum (Coc:4)
  A swamp dragon simulacrum (Coc:1)
  2 foxfires (Abyss:4)
  33 fungi
  128 plants
  16 starspawn tentacles
  5 tentacles (Shoals:4)
195 creatures vanquished.

Grand Total: 2909 creatures vanquished

Notes
Turn   | Place    | Note
-------+----------+-------------------------------------------
     0 | D:1      | ytrimaz the Octopode Transmuter began the quest for the
                  | Orb.
     0 | D:1      | Reached XP level 1. HP: 13/13 MP: 3/3
   240 | D:1      | Reached XP level 2. HP: 16/18 MP: 3/5
   578 | D:1      | Reached XP level 3. HP: 23/23 MP: 4/6
   614 | D:1      | Learned a level 2 spell: Wereblood
   618 | D:1      | Learned a level 3 spell: Spider Form
   897 | D:1      | Reached skill level 1 in Poison Magic
   909 | D:1      | Identified a scroll of acquirement
   909 | D:1      | Acquired the ring of the Queen {rF+ Will+ MP+9 Str+7
                  | Stlth-}
  1500 | D:2      | You fall into a shaft and drop 1 floor!
  1501 | D:3      | Found Gionare's Antique Weapon Shop.
  1508 | D:3      | Reached XP level 4. HP: 28/28 MP: 7/7
  2196 | D:3      | Found a faded altar of an unknown god.
  2484 | D:4      | Found a staircase to the Ecumenical Temple.
  2496 | D:4      | Reached XP level 5. HP: 31/33 MP: 8/8
  2550 | D:4      | Found a glowing drain.
  2563 | Sewer    | Entered a sewer
  2635 | Sewer    | Reached skill level 3 in Spellcasting
  2635 | Sewer    | Reached XP level 6. HP: 30/38 MP: 10/10
  2717 | D:4      | Found Wiuh's Book Shop.
  2791 | D:4      | Learned a level 4 spell: Ice Form
  2802 | D:4      | Found a sand-covered staircase.
  2811 | D:4      | Reached XP level 7. HP: 30/43 MP: 12/12
  2827 | Ossuary  | Entered an ossuary
  2850 | Ossuary  | Reached skill level 4 in Spellcasting
  3174 | D:4      | Reached skill level 5 in Transmutations
  3220 | D:4      | Found a stormy altar of Qazlal.
  3227 | D:4      | Found a shadowy altar of Dithmenos.
  3232 | D:4      | Found a basalt altar of Yredelemnul.
  3614 | Temple   | Entered the Ecumenical Temple
  3860 | Temple   | Became a worshipper of Ashenzari the Shackled
  3903 | D:5      | Entered Level 5 of the Dungeon
  3965 | D:5      | Reached skill level 1 in Ice Magic
  3990 | D:5      | Reached skill level 5 in Spellcasting
  3990 | D:5      | Reached XP level 8. HP: 47/48 MP: 15/15
  4020 | D:5      | Identified the +1 leather armour "Luciler" {Harm Str+3
                  | Int+4}
  4190 | D:5      | Identified the ring "Jiurullu" {rPois AC+4 Dex-5 Stlth+}
  4190 | D:5      | Noticed Duvessa
  4190 | D:5      | Noticed Dowan
  4204 | D:5      | Killed Duvessa
  4206 | D:5      | Killed Dowan
  4349 | D:5      | Found a sparkling altar of Nemelex Xobeh.
  4421 | D:5      | Found a shimmering blue altar of Sif Muna.
  4500 | D:6      | Noticed Blork the orc
  4537 | D:6      | Killed Blork the orc
  4642 | D:6      | Reached skill level 6 in Spellcasting
  4645 | D:6      | Reached XP level 9. HP: 53/53 MP: 18/18
  4688 | D:6      | Identified the +3 leather armour of Impermeability {rF-
                  | Regen+ Int+4 Dex+7}
  4786 | D:6      | Noticed Pikel
  4809 | D:6      | Killed Pikel
  4810 | D:6      | Reached skill level 7 in Spellcasting
  5037 | D:7      | Reached * piety under Ashenzari
  5123 | D:7      | Found a flagged portal.
  5132 | Bailey   | Entered a bailey
  5582 | Bailey   | Identified the ring "Moklat" {rPois MP+9}
  5582 | Bailey   | Noticed an orc knight
  5666 | D:7      | Reached skill level 8 in Spellcasting
  5954 | D:7      | Found a runed translucent door.
  5955 | D:7      | Noticed Crazy Yiuf
  6024 | D:7      | Reached XP level 10. HP: 59/59 MP: 23/23
  7072 | D:8      | Found a transporter.
  7073 | D:8      | Noticed drugrobin's ghost (novice DgDe)
  7080 | D:8      | Found a transporter.
  7190 | D:8      | Reached skill level 1 in Stealth
  7518 | D:8      | Identified the +0 scale mail of the Lich-sworn {rPois rF+
                  | rC+}
  7668 | D:9      | Noticed a two-headed ogre
  7833 | D:9      | Reached skill level 9 in Spellcasting
  7855 | D:9      | Reached skill level 10 in Transmutations
  7863 | D:9      | Reached skill level 5 in Stealth
  7913 | D:9      | Reached ** piety under Ashenzari
  8043 | D:9      | Reached XP level 11. HP: 64/64 MP: 25/25
  8138 | D:9      | Killed a two-headed ogre
  8512 | D:10     | Entered Level 10 of the Dungeon
  8748 | D:10     | Noticed a seven-headed hydra
  8783 | D:10     | Found an ornate altar of the Wu Jian Council.
  8783 | D:10     | Found a glowing silver altar of Zin.
  8797 | D:10     | Reached skill level 5 in Unarmed Combat
  8824 | D:10     | Found a staircase to the Lair.
  8933 | D:10     | Found a blossoming altar of Fedhas.
  8975 | D:10     | Noticed a two-headed ogre
  9003 | D:10     | Killed a two-headed ogre
  9189 | D:10     | Reached *** piety under Ashenzari
  9383 | D:10     | Reached skill level 10 in Stealth
  9803 | D:11     | Noticed a two-headed ogre
  9828 | D:11     | Killed a two-headed ogre
  9910 | D:11     | Noticed a cyclops
  9920 | D:11     | Killed a cyclops
 10080 | D:11     | Noticed a five-headed hydra
 10200 | D:11     | Noticed Sonja
 10369 | D:11     | Reached skill level 5 in Fighting
 10416 | D:11     | Reached **** piety under Ashenzari
 10784 | D:12     | Found a staircase to the Orcish Mines.
 10799 | D:12     | Noticed a cyclops
 10814 | D:12     | Killed a cyclops
 10844 | D:12     | Noticed a deep elf pyromancer
 10866 | D:12     | Killed a deep elf pyromancer
 10867 | D:12     | Reached XP level 12. HP: 78/85 MP: 28/28
 10895 | D:12     | Noticed a boulder beetle
 10895 | D:12     | Noticed a fire giant
 11341 | D:12     | Noticed a two-headed ogre
 11352 | D:12     | Killed a two-headed ogre
 11505 | D:13     | Noticed a centaur warrior
 11561 | Orc:1    | Entered Level 1 of the Orcish Mines
 11562 | Orc:1    | Noticed an orc warlord
 11562 | Orc:1    | Noticed Harold
 11715 | D:12     | Noticed a sun demon
 11781 | Lair:1   | Entered Level 1 of the Lair of Beasts
 12177 | Lair:1   | Noticed a five-headed hydra
 12343 | Lair:1   | Killed a five-headed hydra
 12547 | Lair:1   | Noticed a death yak
 12561 | Lair:1   | Noticed a death yak
 12562 | Lair:1   | Noticed a death yak
 12579 | Lair:1   | Noticed a death yak
 12582 | Lair:1   | Killed a death yak
 12591 | Lair:1   | Killed a death yak
 12592 | Lair:1   | Reached skill level 10 in Unarmed Combat
 12592 | Lair:1   | Reached XP level 13. HP: 97/97 MP: 29/29
 13083 | Lair:2   | Noticed Fannar
 13095 | Lair:2   | Killed Fannar
 13178 | Lair:2   | Reached skill level 10 in Fighting
 13296 | Lair:2   | Found a staircase to the Shoals.
 13378 | Lair:2   | Found a staircase to the Snake Pit.
 14550 | Lair:3   | Acquired 700 gold pieces
 14556 | Lair:3   | Acquired a book of Sloth
 14571 | Lair:3   | Learned a level 6 spell: Statue Form
 14721 | Lair:3   | Reached XP level 14. HP: 108/108 MP: 30/30
 14734 | Lair:3   | Reached skill level 1 in Earth Magic
 15059 | Lair:4   | Paralysed by a floating eye for 4 turns
 15626 | Lair:5   | Entered Level 5 of the Lair of Beasts
 15921 | Lair:5   | Found a burning altar of Makhleb.
 16057 | Lair:5   | Found a gateway to Hell.
 16057 | Lair:5   | Identified Tinoll's Almanac of Air and Beckoning
 16167 | Lair:5   | Reached XP level 15. HP: 118/118 MP: 31/31
 16182 | Lair:5   | Reached skill level 5 in Earth Magic
 16556 | Lair:5   | Found a staircase to the Slime Pits.
 17333 | Orc:1    | Noticed an orc warlord
 17337 | D:12     | Killed an orc warlord
 17339 | D:12     | Killed Harold
 17340 | D:12     | Reached skill level 15 in Unarmed Combat
 17510 | D:12     | Killed an orc warlord
 18033 | Orc:2    | Entered Level 2 of the Orcish Mines
 18060 | Orc:2    | Found Soowiar's Distillery.
 18104 | Orc:2    | Bought a potion of curing for 39 gold pieces
 18104 | Orc:2    | Bought a potion of berserk rage for 65 gold pieces
 18104 | Orc:2    | Bought a potion of resistance for 130 gold pieces
 18104 | Orc:2    | Bought a potion of curing for 39 gold pieces
 18104 | Orc:2    | Bought a potion of curing for 39 gold pieces
 18104 | Orc:2    | Bought a potion of mutation for 104 gold pieces
 18104 | Orc:2    | Bought a potion of berserk rage for 65 gold pieces
 18104 | Orc:2    | Bought a potion of magic for 104 gold pieces
 18350 | Orc:2    | Found Ymu Riu's Distillery.
 18368 | Orc:2    | Bought a potion of heal wounds for 75 gold pieces
 18368 | Orc:2    | Bought a potion of heal wounds for 75 gold pieces
 18368 | Orc:2    | Bought 2 potions of heal wounds for 150 gold pieces
 18368 | Orc:2    | Bought a potion of mutation for 120 gold pieces
 18368 | Orc:2    | Bought a potion of mutation for 120 gold pieces
 18532 | Orc:2    | Found Uxafife's Antique Armour Shoppe.
 18540 | Orc:2    | Found Xuratryps's Antique Weapon Emporium.
 18560 | Orc:2    | Found Koinoif's Distillery.
 18571 | Orc:2    | Found a staircase to the Elven Halls.
 18579 | Orc:2    | Bought a potion of resistance for 140 gold pieces
 18579 | Orc:2    | Bought a potion of heal wounds for 70 gold pieces
 18579 | Orc:2    | Bought a potion of berserk rage for 70 gold pieces
 18579 | Orc:2    | Bought a potion of curing for 42 gold pieces
 18579 | Orc:2    | Bought a potion of cancellation for 112 gold pieces
 18579 | Orc:2    | Bought a potion of cancellation for 112 gold pieces
 18590 | Orc:2    | Noticed Josephine
 18596 | Orc:2    | Killed Josephine
 18734 | Orc:2    | Paralysed by an orc sorcerer for 5 turns
 18893 | Orc:2    | Reached skill level 15 in Fighting
 18901 | Orc:2    | Noticed Saint Roka
 19195 | Orc:2    | Killed Saint Roka
 19196 | Orc:2    | Reached XP level 16. HP: 121/128 MP: 32/32
 19257 | Orc:2    | Gained mutation: Your spells are a little harder to cast,
                  | but a little more powerful. [potion of mutation]
 19257 | Orc:2    | Gained mutation: You are robust. (+10% HP) [potion of
                  | mutation]
 19258 | Orc:2    | Lost mutation: Your spells are a little harder to cast, but
                  | a little more powerful. [potion of mutation]
 19258 | Orc:2    | Lost mutation: You are robust. (+10% HP) [potion of
                  | mutation]
 19258 | Orc:2    | Gained mutation: You have hidden genetic potential. [potion
                  | of mutation]
 19258 | Orc:2    | Gained mutation: Your spells are a little easier to cast,
                  | but a little less powerful. [potion of mutation]
 19259 | Orc:2    | Lost mutation: Your spells are a little easier to cast, but
                  | a little less powerful. [potion of mutation]
 19259 | Orc:2    | Lost mutation: You have hidden genetic potential. [potion
                  | of mutation]
 19259 | Orc:2    | Gained mutation: You are frail. (-10% HP) [potion of
                  | mutation]
 19259 | Orc:2    | Gained mutation: Your skin blends seamlessly with your
                  | surroundings (Stealth++). [potion of mutation]
 19259 | Orc:2    | Gained mutation: You are very frail. (-20% HP) [potion of
                  | mutation]
 19259 | Orc:2    | Gained mutation: One of your tentacles bears a spike.
                  | [potion of mutation]
 19261 | Orc:2    | Lost mutation: Your skin blends seamlessly with your
                  | surroundings (Stealth++). [potion of mutation]
 19261 | Orc:2    | Lost mutation: One of your tentacles bears a spike. [potion
                  | of mutation]
 19261 | Orc:2    | Lost mutation: You are very frail. (-20% HP) [potion of
                  | mutation]
 19261 | Orc:2    | Gained mutation: Your magical capacity is low. (-10% MP)
                  | [potion of mutation]
 19261 | Orc:2    | Gained mutation: Your body sometimes deteriorates upon
                  | taking damage. [potion of mutation]
 19261 | Orc:2    | Gained mutation: You occasionally lose the ability to read
                  | scrolls when taking damage. [potion of mutation]
 19262 | Orc:2    | Lost mutation: You occasionally lose the ability to read
                  | scrolls when taking damage. [potion of mutation]
 19262 | Orc:2    | Lost mutation: Your body sometimes deteriorates upon taking
                  | damage. [potion of mutation]
 19262 | Orc:2    | Lost mutation: You are frail. (-10% HP) [potion of
                  | mutation]
 19262 | Orc:2    | Lost mutation: Your magical capacity is low. (-10% MP)
                  | [potion of mutation]
 19262 | Orc:2    | Gained mutation: You occasionally shout uncontrollably at
                  | your foes. [potion of mutation]
 19262 | Orc:2    | Gained mutation: Your flesh is cold resistant. (rC+)
                  | [potion of mutation]
 19262 | Orc:2    | Gained mutation: Your flesh is very cold resistant. (rC++)
                  | [potion of mutation]
 19263 | Orc:2    | Lost mutation: Your flesh is very cold resistant. (rC++)
                  | [potion of mutation]
 19263 | Orc:2    | Lost mutation: Your flesh is cold resistant. (rC+) [potion
                  | of mutation]
 19263 | Orc:2    | Lost mutation: You occasionally shout uncontrollably at
                  | your foes. [potion of mutation]
 19263 | Orc:2    | Gained mutation: You are strong-willed. (Will+) [potion of
                  | mutation]
 19263 | Orc:2    | Gained mutation: One of your tentacles bears a spike.
                  | [potion of mutation]
 19263 | Orc:2    | Gained mutation: Your spells are a little easier to cast,
                  | but a little less powerful. [potion of mutation]
 19264 | Orc:2    | Lost mutation: You are strong-willed. (Will+) [potion of
                  | mutation]
 19264 | Orc:2    | Lost mutation: One of your tentacles bears a spike. [potion
                  | of mutation]
 19264 | Orc:2    | Gained mutation: One of your tentacles bears a spike.
                  | [potion of mutation]
 19264 | Orc:2    | Gained mutation: You occasionally lose the ability to drink
                  | potions when taking damage. [potion of mutation]
 19265 | Orc:2    | Lost mutation: Your spells are a little easier to cast, but
                  | a little less powerful. [potion of mutation]
 19265 | Orc:2    | Lost mutation: One of your tentacles bears a spike. [potion
                  | of mutation]
 19265 | Orc:2    | Lost mutation: You occasionally lose the ability to drink
                  | potions when taking damage. [potion of mutation]
 19265 | Orc:2    | Gained mutation: Your magical capacity is low. (-10% MP)
                  | [potion of mutation]
 19469 | Elf:1    | Entered Level 1 of the Elven Halls
 19489 | Elf:1    | Found a radiant altar of Vehumet.
 19563 | Elf:1    | Identified the Almanac of Blasts
 19639 | Elf:1    | Found a flickering gateway to a bazaar.
 19652 | Bazaar   | Entered a bazaar
 19671 | Bazaar   | Found Xyok's Book Emporium.
 19708 | Bazaar   | Found Ogot's Weapon Shoppe.
 19733 | Bazaar   | Found Bivem's Jewellery Emporium.
 19753 | Bazaar   | Found Buasuajo's General Store.
 19810 | Bazaar   | Found Fif Qoli's Antique Weapon Emporium.
 19897 | Bazaar   | Bought a book of the Sky for 792 gold pieces
 19909 | Bazaar   | Learned a level 7 spell: Storm Form
 19964 | Bazaar   | Bought the ring "Biukk" {Fly rF+ Will+} for 445 gold pieces
 20310 | Elf:1    | Identified the +1 ring mail of a Billion Blessings {Fly rF+
                  | Will+ Dex+4}
 20772 | Elf:2    | Found Voghesch's Magic Scroll Shoppe.
 20806 | Elf:2    | Reached skill level 1 in Air Magic
 21064 | Elf:2    | Found a runed translucent gate.
 21064 | Elf:2    | Found a runed translucent gate.
 21064 | Elf:2    | Found a runed translucent gate.
 21160 | Elf:2    | Found a shimmering blue altar of Sif Muna.
 21173 | Elf:2    | Reached skill level 5 in Air Magic
 21569 | Elf:2    | Reached XP level 17. HP: 60/135 MP: 29/29
 21911 | Elf:2    | Noticed a deep elf blademaster
 21915 | Elf:2    | Killed a deep elf blademaster
 22078 | Elf:2    | Learned a level 2 spell: Blink
 22136 | Elf:3    | Entered Level 3 of the Elven Halls
 22203 | Elf:3    | Identified the +1 pair of boots of the Wilderness {*Slow
                  | rElec Str+2 Dex+4}
 22454 | Elf:3    | Found Furih's Assorted Antiques.
 23181 | Elf:3    | Reached skill level 10 in Air Magic
 23198 | Elf:3    | Noticed a Tzitzimitl
 23199 | Elf:3    | Noticed an Ice Fiend
 23250 | Elf:3    | Noticed a deep elf blademaster
 23263 | Elf:3    | Noticed a deep elf blademaster
 23287 | Elf:3    | Identified the ring "Roureshi" {Ice Int+2 Dex+3}
 23363 | Elf:3    | Killed a deep elf blademaster
 23395 | Elf:3    | Identified the +9 plate armour "Lopnosuh" {+Inv Fly rF+
                  | Dex+3}
 23395 | Elf:3    | Identified the Tractate on Ruinous Direction
 23405 | Elf:3    | Found the +8 longbow "Zephyr" {speed, Dex+3 SInv}
 23412 | Elf:3    | Noticed an Ice Fiend
 23663 | Elf:3    | Killed a deep elf blademaster
 23891 | Elf:3    | Reached XP level 18. HP: 131/145 MP: 30/30
 23910 | Elf:3    | Identified the +2 leather armour of the Orcish Mines {rElec
                  | Will- rCorr Str+5 Dex+3}
 23970 | Elf:3    | Identified the +3 scale mail "Niuf" {Dex+4}
 23992 | Elf:3    | Identified Sif Muna's Omnibus of the Combative Swarm
 24147 | Elf:3    | Identified Tiutoxem's Grimoire of the Compass and Changing
 24152 | Elf:3    | Identified the +2 scale mail "Ceole" {rC++}
 24481 | Shoals:1 | Entered Level 1 of the Shoals
 24720 | Shoals:1 | Gained mutation: You are dopey. (Int -2) [mutagenic glow]
 24928 | D:8      | Killed drugrobin's ghost
 24962 | D:8      | Lost mutation: Your magical capacity is low. (-10% MP)
                  | [potion of mutation]
 24962 | D:8      | Lost mutation: You are dopey. (Int -2) [potion of mutation]
 24962 | D:8      | Gained mutation: You expend magic power (3 MP) to
                  | strengthen your wands. [potion of mutation]
 24962 | D:8      | Gained mutation: Your muscles are strong. (Str +4, Int/Dex
                  | -1) [potion of mutation]
 25694 | Shoals:2 | Noticed Polyphemus
 25704 | Shoals:2 | Killed Polyphemus
 25985 | Shoals:2 | Reached ***** piety under Ashenzari
 26573 | Shoals:3 | Identified the +0 chain mail of Freedom {Harm Dex+3}
 26893 | Shoals:3 | Found Tufaono's Mayhem Merchandise.
 27566 | Shoals:4 | Entered Level 4 of the Shoals
 28221 | Shoals:4 | Reached skill level 15 in Air Magic
 28229 | Shoals:4 | HP: 1/147 [frost giant/bolt of cold (21)]
 28322 | Shoals:4 | Reached XP level 19. HP: 113/153 MP: 35/35
 28772 | Shoals:4 | Got a barnacled rune of Zot
 29151 | Shoals:4 | Acquired the ring of Scepticism {*Corrode rC+++ AC+4 Int+3
                  | Stlth-}
 29162 | Shoals:4 | Learned a level 5 spell: Yara's Violent Unravelling
 29170 | Shoals:4 | Learned a level 5 spell: Lee's Rapid Deconstruction
 29233 | Snake:1  | Entered Level 1 of the Snake Pit
 29239 | Snake:1  | Noticed Kirke
 29253 | Snake:1  | Killed Kirke
 29296 | Snake:1  | Found Ucsubiasm's Assorted Antiques.
 29297 | Snake:1  | Found Toytaog's Magic Scroll Shop.
 29297 | Snake:1  | Found Kexineuz's Armour Boutique.
 29300 | Snake:1  | Found Towuiryu's Magic Scroll Boutique.
 29301 | Snake:1  | Noticed Donald
 29308 | Snake:1  | Killed Donald
 29323 | Snake:1  | Bought a scroll of blinking for 142 gold pieces
 29323 | Snake:1  | Bought a scroll of teleportation for 57 gold pieces
 29323 | Snake:1  | Bought a scroll of teleportation for 57 gold pieces
 29326 | Snake:1  | Bought a scroll of fear for 60 gold pieces
 29326 | Snake:1  | Bought a scroll of fear for 60 gold pieces
 29387 | Snake:1  | Found Ikueclag's Antique Weapon Boutique.
 30694 | Snake:3  | Found Kewuugh's General Store.
 31187 | Snake:4  | Entered Level 4 of the Snake Pit
 31554 | Snake:4  | Noticed Agnes
 31560 | Snake:4  | Killed Agnes
 31658 | Snake:4  | Reached XP level 20. HP: 156/156 MP: 35/35
 31994 | Snake:4  | Got a serpentine rune of Zot
 32522 | D:11     | Killed Sonja
 32907 | D:13     | Noticed Jorgrun
 32918 | D:13     | Killed Jorgrun
 32992 | D:13     | Reached skill level 10 in Spellcasting
 33380 | D:14     | Found a frozen archway.
 33409 | IceCv    | Entered an ice cave
 33468 | IceCv    | Reached skill level 11 in Spellcasting
 34087 | D:14     | Reached skill level 12 in Spellcasting
 34178 | D:14     | Found a gate to the Vaults.
 34218 | D:14     | Found Kuynwei's Magic Scroll Emporium.
 34225 | D:14     | Bought a scroll of teleportation for 45 gold pieces
 34267 | D:14     | Found a basalt altar of Yredelemnul.
 34269 | D:14     | Found an ancient bone altar of Kikubaaqudgha.
 34269 | D:14     | Found a shimmering altar of Xom.
 34271 | D:14     | Found an ancient bone altar of Kikubaaqudgha.
 34271 | D:14     | Found a glowing silver altar of Zin.
 34271 | D:14     | Found a bloodstained altar of Trog.
 34502 | D:14     | Found Tagakud's Antique Armour Boutique.
 34508 | D:14     | Reached XP level 21. HP: 162/162 MP: 39/39
 34782 | D:15     | Entered Level 15 of the Dungeon
 34986 | D:15     | Reached skill level 13 in Spellcasting
 35058 | D:15     | Found a staircase to the Depths.
 35165 | D:15     | Found a basalt altar of Yredelemnul.
 35165 | D:15     | Found an iron altar of Okawaru.
 35166 | D:15     | Found a burning altar of Makhleb.
 35189 | D:15     | Identified the +1 trident of Refo Hyba {holy, rElec rN++}
 35381 | D:15     | Reached skill level 14 in Spellcasting
 35381 | D:15     | Identified the +2 rapier "Getacoca" {vorpal, Fly Str+2}
 35413 | D:15     | Identified the +6 dagger of Delightful Honour {holy, Str+4}
 35953 | D:15     | Acquired 1104 gold pieces
 36093 | Vaults:1 | Entered Level 1 of the Vaults
 36108 | Vaults:1 | Reached skill level 15 in Spellcasting
 36421 | Vaults:1 | Identified the +0 cloak of Antique Joy {rN+ Will+}
 36423 | Vaults:1 | Identified the +5 war axe of Tiptac {flame, Str+4}
 36558 | Vaults:1 | Reached skill level 16 in Spellcasting
 36966 | Vaults:1 | Reached XP level 22. HP: 169/169 MP: 44/44
 37470 | Vaults:2 | Reached skill level 17 in Spellcasting
 37571 | Vaults:2 | Found Docomo's Magic Scroll Shop.
 37579 | Vaults:2 | Bought 3 scrolls of blinking for 405 gold pieces
 37579 | Vaults:2 | Bought a scroll of blinking for 135 gold pieces
 37579 | Vaults:2 | Bought a scroll of teleportation for 54 gold pieces
 37882 | Vaults:2 | Identified the cursed +1 hat of the Pangnostic Augurer
                  | {Elem, Melee} (You found it on level 2 of the Shoals)
 38208 | Vaults:2 | Found Zueng's Armour Shop.
 38644 | Vaults:3 | Reached skill level 18 in Spellcasting
 38664 | Vaults:3 | Found a crumbling gateway.
 38675 | Desolati | Entered the Desolation of Salt
 38835 | Desolati | Identified the +2 scale mail of the Valley of Death {rF+
                  | rC+}
 38845 | Desolati | Identified the Directory of the Gelid Mountains
 38883 | Desolati | Identified the +5 demon trident "Dohe" {venom, rElec rC+
                  | Dex-5}
 39013 | Desolati | Identified Cagatteg's Octavo of Despicable Secrets and the
                  | Volcanoes
 39015 | Desolati | Identified the +3 leather armour "Nesulle" {rN+ Str+3
                  | Dex-5}
 39057 | Desolati | Identified the +4 dire flail of the Two Names {pain, rC+
                  | MP+9}
 39057 | Desolati | Identified the +3 scale mail "Nanwullo" {Rampage rCorr}
 39064 | Desolati | Reached skill level 19 in Spellcasting
 39212 | Desolati | Identified the Grimoire of Orthodoxy
 39224 | Desolati | Identified the Compendium of Combustion and the Wind
 39667 | Vaults:3 | Reached XP level 23. HP: 107/174 MP: 48/48
 39873 | Vaults:3 | Found a staircase to the Crypt.
 39915 | Vaults:3 | Reached skill level 20 in Spellcasting
 41140 | Vaults:4 | Reached skill level 21 in Spellcasting
 41801 | Vaults:5 | Entered Level 5 of the Vaults
 42265 | Vaults:5 | Reached skill level 22 in Spellcasting
 42489 | Vaults:5 | Identified the +0 ring mail of the Gloaming {rElec rC+}
 42599 | Vaults:5 | Identified the ring "Lefuops" {rPois Str+4}
 42715 | Vaults:5 | Reached XP level 24. HP: 165/178 MP: 51/51
 42725 | Vaults:5 | Noticed an ancient lich
 42730 | Vaults:5 | Killed an ancient lich
 42742 | Vaults:5 | Noticed an ancient lich
 42748 | Vaults:5 | Killed an ancient lich
 42931 | Vaults:5 | Identified the Guidebook on Floating Hexing
 42955 | Vaults:5 | Reached skill level 23 in Spellcasting
 43063 | Vaults:5 | Got a silver rune of Zot
 43531 | Vaults:5 | Identified the Incunable of Impurities
 43593 | Vaults:5 | Identified the Encyclopedia of the Cunning Blizzard
 43604 | Vaults:5 | Identified Bowiaj's Folio of Collective Transmigration
 43604 | Vaults:5 | Identified the +1 hand axe of Prudence {flame, rElec Str-2
                  | Dex-3 SInv}
 43616 | Vaults:5 | Identified the Vellum of Energetic Impurities
 44028 | Crypt:1  | Entered Level 1 of the Crypt
 44404 | Slime:1  | Entered Level 1 of the Pits of Slime
 44965 | Slime:2  | Gained mutation: You occasionally lose the ability to drink
                  | potions when taking damage. [a shining eye]
 44976 | Slime:2  | Reached skill level 24 in Spellcasting
 45128 | Slime:3  | Gained mutation: You sometimes lose the ability to drink
                  | potions when taking damage. [a shining eye]
 45351 | Slime:4  | Gained mutation: Your magical capacity is low. (-10% MP) [a
                  | shining eye]
 45501 | Slime:5  | Entered Level 5 of the Pits of Slime
 45503 | Slime:5  | Paralysed by a floating eye for 2 turns
 45525 | Slime:5  | Noticed the Royal Jelly
 45534 | Slime:5  | Killed the Royal Jelly
 46080 | Slime:5  | Identified the +9 great mace of the Endless March {flame,
                  | rElec Int+3 Dex-2}
 46094 | Slime:5  | Identified the +0 chain mail "Katiq Rinu" {rElec Str+3}
 46097 | Slime:5  | Identified the Lessons on the Pestilent Blizzard
 46101 | Slime:5  | Reached XP level 25. HP: 175/187 MP: 48/48
 46101 | Slime:5  | Identified the ring of New Discoveries {Wiz *Slow Dex+4}
 46102 | Slime:5  | Identified the +1 scale mail of the Abyss {+Blink}
 46105 | Slime:5  | Identified the +8 tower shield "Piqaxa" {rElec rPois Int-5
                  | Dex+3}
 46121 | Slime:5  | Identified the +6 long sword "Gucw" {pain, +Blink rF+ rN++
                  | Str-2}
 46284 | Slime:5  | Got a slimy rune of Zot
 46463 | Slime:5  | Reached skill level 25 in Spellcasting
 46710 | Lair:5   | Lost mutation: You sometimes lose the ability to drink
                  | potions when taking damage. [potion of mutation]
 46710 | Lair:5   | Lost mutation: Your muscles are strong. (Str +4, Int/Dex
                  | -1) [potion of mutation]
 46710 | Lair:5   | Lost mutation: Your magical capacity is low. (-10% MP)
                  | [potion of mutation]
 46710 | Lair:5   | Gained mutation: You are strong-willed. (Will+) [potion of
                  | mutation]
 46710 | Lair:5   | Gained mutation: You are agile. (Dex +4, Str/Int -1)
                  | [potion of mutation]
 46711 | Lair:5   | Lost mutation: You are agile. (Dex +4, Str/Int -1) [potion
                  | of mutation]
 46711 | Lair:5   | Lost mutation: You expend magic power (3 MP) to strengthen
                  | your wands. [potion of mutation]
 46711 | Lair:5   | Lost mutation: You are strong-willed. (Will+) [potion of
                  | mutation]
 46711 | Lair:5   | Gained mutation: A frigid envelope surrounds you and
                  | freezes all who hurt you. [potion of mutation]
 46711 | Lair:5   | Gained mutation: Your magical capacity is low. (-10% MP)
                  | [potion of mutation]
 46711 | Lair:5   | Gained mutation: Your skin blends seamlessly with your
                  | surroundings (Stealth++). [potion of mutation]
 46712 | Lair:5   | Lost mutation: Your skin blends seamlessly with your
                  | surroundings (Stealth++). [potion of mutation]
 46712 | Lair:5   | Lost mutation: A frigid envelope surrounds you and freezes
                  | all who hurt you. [potion of mutation]
 46712 | Lair:5   | Gained mutation: Your mind is acute. (Int +4, Str/Dex -1)
                  | [potion of mutation]
 46713 | Lair:5   | Lost mutation: Your mind is acute. (Int +4, Str/Dex -1)
                  | [potion of mutation]
 46713 | Lair:5   | Lost mutation: Your magical capacity is low. (-10% MP)
                  | [potion of mutation]
 46713 | Lair:5   | Gained mutation: You are strong-willed. (Will+) [potion of
                  | mutation]
 46713 | Lair:5   | Gained mutation: Your body sometimes deteriorates upon
                  | taking damage. [potion of mutation]
 46713 | Lair:5   | Gained mutation: Your spells are a little easier to cast,
                  | but a little less powerful. [potion of mutation]
 46713 | Lair:5   | Gained mutation: One of your tentacles bears a spike.
                  | [potion of mutation]
 46714 | Lair:5   | Lost mutation: Your body sometimes deteriorates upon taking
                  | damage. [potion of mutation]
 46714 | Lair:5   | Lost mutation: One of your tentacles bears a spike. [potion
                  | of mutation]
 46714 | Lair:5   | Lost mutation: You are strong-willed. (Will+) [potion of
                  | mutation]
 46714 | Lair:5   | Gained mutation: You are dopey. (Int -2) [potion of
                  | mutation]
 47215 | Elf:3    | Bought a potion of mutation for 296 gold pieces
 47215 | Elf:3    | Bought a potion of haste for 370 gold pieces
 47215 | Elf:3    | Bought a potion of might for 148 gold pieces
 47215 | Elf:3    | Lost mutation: Your spells are a little easier to cast, but
                  | a little less powerful. [potion of mutation]
 47215 | Elf:3    | Lost mutation: You are dopey. (Int -2) [potion of mutation]
 47215 | Elf:3    | Lost mutation: You occasionally lose the ability to drink
                  | potions when taking damage. [potion of mutation]
 47215 | Elf:3    | Gained mutation: You are weak. (Str -2) [potion of
                  | mutation]
 47215 | Elf:3    | Gained mutation: You are agile. (Dex +4, Str/Int -1)
                  | [potion of mutation]
 47519 | Depths:1 | Entered Level 1 of the Depths
 47722 | Depths:1 | Found a burning altar of Makhleb.
 47779 | Depths:1 | Identified the +9 great sword of Valuable Assets {vamp,
                  | rN++}
 47837 | Depths:1 | Identified the +7 demon blade "Esheaw" {flame, rElec}
 47941 | Depths:1 | Found Noirgh's Book Shoppe.
 48104 | Depths:1 | Found Wyir's Jewellery Boutique.
 48296 | Depths:1 | Found Femue's Jewellery Boutique.
 48296 | Depths:1 | Found Aquvon's Book Shoppe.
 48541 | Depths:2 | Identified the +0 longbow of Tups {flame, Str+2}
 48545 | Depths:2 | Identified Run Educh's Handbook of Gathered Confrontation
 48564 | Depths:2 | Reached skill level 5 in Dodging
 48701 | Depths:2 | Found the +5 demon whip "Spellbinder" {antimagic, Will+}
 48735 | Depths:2 | Found a one-way gate to the infinite horrors of the Abyss.
 48735 | Depths:2 | Noticed Louise
 48747 | Depths:2 | Killed Louise
 48863 | Depths:2 | Found an ancient bone altar of Kikubaaqudgha.
 48958 | Depths:2 | Found Doju Xeb's Distillery.
 48988 | Depths:2 | Bought a potion of haste for 240 gold pieces
 48988 | Depths:2 | Bought a potion of heal wounds for 120 gold pieces
 48988 | Depths:2 | Bought a potion of might for 96 gold pieces
 48988 | Depths:2 | Bought a potion of mutation for 192 gold pieces
 49131 | Depths:2 | Found a one-way gate leading to the halls of Pandemonium.
 49427 | Depths:3 | Found an iron altar of Okawaru.
 49599 | Depths:3 | Identified the Volume of Hexing and Wicked Deeds
 49614 | Depths:3 | Reached skill level 10 in Dodging
 49765 | Depths:3 | Found a one-way gateway to a ziggurat.
 50196 | Depths:3 | Identified the +6 demon whip "Zifot" {elec, Fly rF+ Str+4}
 50481 | Depths:4 | Entered Level 4 of the Depths
 50488 | Depths:4 | Identified the +2 robe "Mehinos" {rC+ rN+ Str+2}
 50527 | Depths:4 | Identified the +2 rapier "Haagrue" {speed, rPois}
 50638 | Depths:4 | Reached XP level 26. HP: 176/193 MP: 54/54
 50768 | Depths:4 | Found a gate to the Realm of Zot.
 50979 | Depths:4 | Identified the +0 helmet "Pyaxi" {rPois Str+2 Dex+3}
 51310 | Depths:4 | Noticed Parghit
 51318 | Depths:4 | Killed Parghit
 51470 | Depths:4 | Reached skill level 15 in Dodging
 51704 | Depths:2 | Voluntarily entered the Abyss.
 51709 | Abyss:1  | Found a corrupted altar of Lugonu.
 51827 | Abyss:2  | Noticed a dread lich
 51833 | Abyss:2  | Killed a dread lich
 51873 | Abyss:2  | Found a stormy altar of Qazlal.
 51879 | Abyss:2  | Found a stormy altar of Qazlal.
 51879 | Abyss:2  | Found a stormy altar of Qazlal.
 52439 | Abyss:3  | Found a stormy altar of Qazlal.
 52456 | Abyss:3  | Identified the +1 tower shield of Perpetual Drought {rElec
                  | Will+ Str-2}
 52623 | Abyss:4  | Gained mutation: Your body sometimes deteriorates upon
                  | taking damage. [a cacodemon]
 52779 | Abyss:4  | Gained mutation: You are frail. (-10% HP) [a cacodemon]
 52865 | Abyss:4  | Reached XP level 27. HP: 107/179 MP: 54/54
 52909 | Abyss:4  | Got an abyssal rune of Zot
 53054 | Abyss:4  | Gained mutation: Your body often deteriorates upon taking
                  | damage. [a neqoxec]
 53117 | Abyss:4  | Paralysed by you for 2 turns
 53168 | Abyss:4  | Found a corrupted altar of Lugonu.
 53248 | Depths:2 | Escaped the Abyss
 53252 | Depths:2 | Lost mutation: You are frail. (-10% HP) [potion of
                  | mutation]
 53252 | Depths:2 | Lost mutation: You are weak. (Str -2) [potion of mutation]
 53252 | Depths:2 | Gained mutation: You are strong-willed. (Will+) [potion of
                  | mutation]
 53252 | Depths:2 | Gained mutation: You are partially covered in iridescent
                  | scales. (AC +2) [potion of mutation]
 53253 | Depths:2 | Lost mutation: Your body often deteriorates upon taking
                  | damage. [potion of mutation]
 53253 | Depths:2 | Lost mutation: You are partially covered in iridescent
                  | scales. (AC +2) [potion of mutation]
 53253 | Depths:2 | Lost mutation: You are agile. (Dex +4, Str/Int -1) [potion
                  | of mutation]
 53253 | Depths:2 | Gained mutation: You are weak. (Str -2) [potion of
                  | mutation]
 53294 | Hell     | Entered the Vestibule of Hell
 53295 | Hell     | Noticed Geryon
 53306 | Hell     | Killed Geryon
 53426 | Hell     | Found a gateway to the freezing wastes of Cocytus.
 53427 | Hell     | Noticed Murray
 53438 | Hell     | Killed Murray
 53468 | Hell     | Found a gateway to the decaying netherworld of Tartarus.
 53537 | Hell     | Found a gateway to the ashen valley of Gehenna.
 53667 | Hell     | Found a gateway to the Iron City of Dis.
 53749 | Coc:1    | Entered Level 1 of Cocytus
 54601 | Coc:4    | Killed from afar by a hellion

Illustrated notes

Levels and vault maps discovered:
D:1:      nzn_arrival_water_spiral, layout_rooms, dk_noncrumbling_3,
          st_stairs_11, minmay_ruptured
D:2:      layout_loops_ring, grunt_decor_one_mirror
D:3:      layout_rooms, hellmonk_ecumenical_altar_lost_god, serial_shops,
          nicolae_shop_stone
D:4:      layout_basic, minmay_overflow_temple_star_quad,
          minmay_temple_entry_water_ring, nicolae_ossuary_entry_catacombs,
          portal_sewer_entry_b, serial_shops, kennysheep_mini,
          minmay_misc_feat_enclosed
D:5:      dreamdust_elfheim, layout_rooms, nemelex_diamond_rough_becter,
          mainiacjoe_overflow_brackets
D:6:      layout_cave_pools, minmay_misc_feat_square, uniq_duvessa,
          uniq_blork_the_orc, uniq_pikel
D:7:      layout_layer_cave, enter_bailey_3, corner_web_ring,
          kennysheep_generic_room_16, uniq_crazy_yiuf_cottage
D:8:      layout_loops_ring, gammafunk_ghost_stat_death
D:9:      layout_roguey
D:10:     layout_stronghold, fedhas_altar_fruit_tree,
          gammafunk_temple_overflow_statue, grunt_lair_entry_orc_guard_hut
D:11:     layout_gridville, uniq_sonja
D:12:     layout_big_octagon, orc_0_dummy, minivault_21, serial_bayou_pond_b,
          drop_trap, minivault_25_ag
D:13:     layout_basic, uniq_jorgrun
D:14:     layout_loops_corners, david_vaults_1, serial_shops,
          nicolae_shop_advertising_works [nicolae_subvault_shop_adworks], shop,
          chequers_serial_rivers_large_a, portal_ice_cave_entry_ugly_swarm,
          doesnt_xom_only_xom
D:15:     hangedman_slaughterboxes
Temple:   dpeg_chambers_temple
Lair:1:   beast_lair_carwin_large_4, layout_cave_pods, worms_lemuel
Lair:2:   layout_regular_city, shoals_dummy_entry, guppyfry_snake_entry_island,
          lemuel_fruit_fields, infiniplex_staircase_pool_2, uniq_fannar
Lair:3:   layout_roguey, eino_house_with_fridge
Lair:4:   layout_gridlike, minivault_26, chequers_serial_rivers_small_a,
          disabler_island, infiniplex_staircase_pool
Lair:5:   evil_forest, layout_regular_city, slime_entry_1,
          kilobyte_rumbling_trees
Shoals:1: layout_shoals
Shoals:2: layout_shoals, uniq_polyphemus
Shoals:3: cheibrodos_shoals_satyrical_garden, layout_shoals, minmay_shop_mayhem
Shoals:4: shoals_end_grunt_ice, layout_shoals,
          nicolae_shoals_siren_and_animal_friends
Snake:1:  layout_cave_shapes, special_room, serial_shops, nicolae_square_shop,
          nicolae_snake_serpentine_hallways, abandoned_shop, minmay_shoptagon,
          uniq_kirke, uniq_donald
Snake:2:  layout_rooms
Snake:3:  layout_basic, serial_shops, shop
Snake:4:  snake_pit_salamanders_mu, layout_rooms, uniq_agnes
Slime:1:  cheibrodos_slime_lost_civilization_9, layout_caves,
          cheibrodos_slime_lost_civilization_5
Slime:2:  layout_caves
Slime:3:  layout_caves
Slime:4:  layout_caves
Slime:5
Orc:1:    layout_caves, uniq_harold
Orc:2:    grunt_orc_community_town_hall, layout_caves,
          grunt_orc_community_big_house_1, grunt_orc_community_big_house_1,
          grunt_orc_community_house_3, grunt_orc_community_house_3,
          grunt_orc_community_house_3, grunt_orc_community_house_2,
          grunt_orc_community_house_2, basic_altar, serial_shops,
          nicolae_shop_trees, mines3_lemuel, uniq_josephine
Elf:1:    eino_elf_arrival_altar, layout_loops_cross, serial_shops,
          bzr_entry_gold, minmay_elf_annihilation
Elf:2:    elven_hall_of_blades_hangedman_original
          [nicolae_blade_entry_hurt_lockers], layout_gridlike, basic_altar,
          serial_shops, nicolae_take_the_stairs
Elf:3:    minmay_elf_hall_spiked, layout_gridlike, serial_shops, shop,
          nicolae_elf_glass_and_crystal_pillar_2
Vaults:1: nicolae_vaults_rhombus_7, ontoclasm_vaults_ring_square,
          vaults_room_grid, nicolae_vaults_ring_of_whatevers,
          nicolae_vaults_twisting_passages, dpeg_vaults_hating_casters,
          vaults_room_grunt_arrival_ludios, v_misc_28, vaults_room_boxed,
          v_alt_pattern_6, vaults_standard_mumra_x,
          ontoclasm_vaults_loading_screen, layout_vaults_omnicross
Vaults:2: vaults_room_mumra_shop_pool, v_misc_24, grunt_vaults_bifocal,
          vaults_room_door_ring, hangedman_vaults_capsules,
          nicolae_vaults_little_squares_6, vaults_room_grid,
          ontoclasm_vaults_chip, ontoclasm_vaults_shuriken,
          nicolae_vaults_statue_guard, layout_vaults_quadrants, serial_shops,
          shop
Vaults:3: portal_desolation_entry_twin_temple, nicolae_vaults_halls_meeting,
          vaults_room_door_ring, v_misc_25, layout_vaults_chaotic_city,
          minmay_crypt_entry_simple_box
Vaults:4: nicolae_vaults_network_periphery, vaults_mumra_hexcomb,
          vaults_mumra_bighexcomb, v_misc_9,
          hangedman_vaults_stretched_pinwheel, nicolae_vaults_specimen_jars,
          nicolae_vaults_shelves_hall, v_alt_pattern_1,
          nicolae_vaults_ninety_degrees, nicolae_vaults_network_quinsquares
          [nicolae_vaults_network_quincunx_subvault,
          nicolae_vaults_network_quincunx_subvault,
          nicolae_vaults_network_quincunx_subvault,
          nicolae_vaults_network_quincunx_subvault], hangedman_vaults_locks,
          vaults_room_grid, grunt_vaults_hallway_short, layout_vaults_omnibox
Vaults:5: uniq_saint_roka
Crypt:1:  layout_rooms, library_closet, grunt_megastairs_4, uniq_josephina
Depths:1: layout_gridlike, hellmouth_1, serial_shops, nicolae_shop_stone,
          kennysheep_flooded_box, hangedman_abyss_or_decor_stabs,
          makhleb_altar_promises_db, minmay_shop_grove
Depths:2: grunt_double_whammy, layout_twisted_cross,
          infiniplex_staircase_pillars_3b, grunt_pan_entry_in_and_out,
          serial_shops, nicolae_shop_temple_entry_statues_fountains,
          nicolae_abyss_entry_one_way_or_another, hell_entry,
          nrook_pool_corridor, kiku_gazebo_pond_becter
Depths:3: cheibrodos_lost_city_excavation, layout_basic, enter_ziggurat_c,
          hellmouth_2, chequers_serial_rivers_micro_c, rand_demon_pan_entry_4,
          serial_curves, eino_curves_04, eino_curves_02,
          abyss_entry_small_statue_room, hangedman_abyss_or_decor_lesser_grid,
          okawaru_trees_1, minmay_staircase_windowed_small
Depths:4: grunt_crosshair, layout_honeycomb, hell_entry, nrook_mini_vaults,
          uniq_parghit
Hell
Coc:1:    layout_cocytus_delve
Coc:2:    layout_cocytus_delve
Coc:3:    layout_cocytus_water_paths
Coc:4:    nicolae_hells_demon_pit, layout_cocytus_water_paths

Skill      XL: |  1  2  3  4  5  6  7  8  9 10 11 12 13 14 15 16 17 18 19 20 21 22 23 24 25 26 27 |
---------------+----------------------------------------------------------------------------------+-----
Unarmed Combat | 4 7 10 12 14 15 16 17 | 17.2
Poison Magic   | 1 3 4 |  4.0
Spellcasting   | 3 5 6 8 9 12 16 19 22 24 25 | 25.3
Transmutations | 3 4 5 6 8 10 11 13 14 | 14.5
Ice Magic      | 1 4 |  4.0
Stealth        | 9 11 12 13 | 13.1
Fighting       | 6 9 11 13 15 16 17 | 17.2
Earth Magic    | 4 7 8 |  8.0
Air Magic      | 5 11 15 17 18 | 18.2
Dodging        | 12 18 22 | 22.4
Throwing       | |  0.3

Action                   |  1- 3 |  4- 6 |  7- 9 | 10-12 | 13-15 | 16-18 | 19-21 | 22-24 | 25-27 || total
-------------------------+-------+-------+-------+-------+-------+-------+-------+-------+-------++-------
Melee: Unarmed           |    80 |   118 |   317 |   454 |   739 |   626 |   825 |   775 |  1129 ||  5063
       Constrict         |    22 |    22 |    13 |     2 |    78 |   117 |    41 |     6 |     3 ||   304
       Tentacles         |    13 |    25 |    13 |     2 |   122 |   106 |    84 |    11 |     6 ||   382
       Kick              |    11 |    20 |     2 |       |       |       |       |       |       ||    33
       Punch             |     3 |       |     2 |       |    65 |    72 |   131 |   117 |   200 ||   590
 Cast: Beastly Appendage |    28 |    16 |     5 |       |       |       |       |       |       ||    49
       Spider Form       |       |     2 |    10 |     7 |       |       |       |       |       ||    19
       Wereblood         |       |     1 |     4 |     7 |    16 |     7 |     9 |    22 |    21 ||    87
       Ice Form          |       |       |    23 |    51 |    22 |     1 |       |       |       ||    97
       Statue Form       |       |       |       |       |    63 |    81 |    42 |     9 |     8 ||   203
       Storm Form        |       |       |       |       |       |    39 |    75 |    83 |    99 ||   296
       Blink             |       |       |       |       |       |     3 |     1 |       |     1 ||     5
       Yara's Violent Un |       |       |       |       |       |       |     4 |     2 |     1 ||     7
       Lee's Rapid Decon |       |       |       |       |       |       |       |     1 |     1 ||     2
Invok: Curse Item        |       |       |     3 |     4 |       |     2 |     1 |     1 |       ||    11
       Shatter the Chain |       |       |       |       |       |       |     1 |       |       ||     1
 Abil: End Transformatio |       |       |       |       |       |     2 |       |       |       ||     2
       Blinkbolt         |       |       |       |       |       |     2 |     1 |     2 |     3 ||     8
Evoke: Wand              |       |       |       |       |       |       |       |       |     2 ||     2
  Use: Scroll            |     2 |    10 |     4 |     2 |     5 |    11 |     6 |     3 |     7 ||    50
       Potion            |       |     1 |     1 |     3 |     4 |    19 |       |     1 |     9 ||    38
 Stab: Sleeping          |     9 |     1 |       |     7 |    17 |    15 |     7 |     3 |       ||    59
       Distracted        |       |       |       |     1 |     1 |     2 |     5 |     2 |     1 ||    12
       Invisible         |       |       |       |       |       |       |       |       |     9 ||     9
       Petrifying        |       |       |       |       |       |       |       |       |     2 ||     2
Armor: Skin              |    12 |    17 |    99 |   231 |   672 |   483 |   466 |   279 |   228 ||  2487
Dodge: Dodged            |    54 |    79 |   225 |   306 |   623 |   492 |   993 |   789 |  1285 ||  4846

Table legend: (Time is in decaauts)
 A = Elapsed time spent in this place.
 B = Non-inter-level travel time spent in this place.
 C = Inter-level travel time spent in this place.
 D = Time resting spent in this place.
 E = Time spent auto-exploring this place.
 F = Levels seen in this place.
 G = Mean time per level.
                   A        B        C        D        E       F      G
               +--------+--------+--------+--------+--------+-----+--------+
         Total |  56897 |  52581 |   4316 |   5101 |  30470 |  64 |  889.0 |
       Dungeon |  15399 |  13835 |   1564 |   1325 |   8988 |  15 | 1026.6 |
        Temple |    267 |    205 |     62 |      0 |    191 |   1 |  267.0 |
          Lair |   6507 |   5677 |    830 |    334 |   3470 |   5 | 1301.4 |
        Shoals |   4574 |   4383 |    191 |    530 |   2858 |   4 | 1143.5 |
     Snake Pit |   3575 |   3369 |    206 |    136 |   2039 |   4 |  893.8 |
    Slime Pits |   2266 |   2115 |    151 |    430 |   1268 |   5 |  453.2 |
  Orcish Mines |   2180 |   2025 |    155 |    382 |    802 |   2 | 1090.0 |
   Elven Halls |   5927 |   5415 |    512 |    728 |   2410 |   3 | 1975.7 |
        Vaults |   7118 |   6707 |    411 |    707 |   4331 |   5 | 1423.6 |
         Crypt |      2 |      2 |      0 |      0 |      0 |   1 |    2.0 |
        Depths |   4120 |   3929 |    191 |      8 |   2902 |   4 | 1030.0 |
          Hell |    406 |    406 |      0 |     24 |    147 |   1 |  406.0 |
       Cocytus |    804 |    764 |     40 |    145 |    263 |   4 |  201.0 |
         Abyss |   1337 |   1337 |      0 |     48 |    114 |   4 |  334.2 |
        Bazaar |    361 |    361 |      0 |      0 |    165 |   1 |  361.0 |
         Sewer |    136 |    136 |      0 |     37 |      0 |   1 |  136.0 |
       Ossuary |    234 |    234 |      0 |     19 |     11 |   1 |  234.0 |
        Bailey |    454 |    454 |      0 |    215 |      7 |   1 |  454.0 |
      Ice Cave |    486 |    486 |      0 |     32 |    140 |   1 |  486.0 |
    Desolation |    736 |    736 |      0 |      0 |    361 |   1 |  736.0 |
               +--------+--------+--------+--------+--------+-----+--------+

Top non-repeatable levels by time:
   Elf:3: 2876 daAuts
  Lair:5: 2028 daAuts
    D:12: 1953 daAuts
   Elf:2: 1776 daAuts
Vaults:4: 1761 daAuts
Shoals:4: 1730 daAuts
     D:7: 1515 daAuts
    D:10: 1424 daAuts
Vaults:5: 1423 daAuts
  Lair:1: 1409 daAuts
    D:11: 1388 daAuts
Vaults:3: 1380 daAuts
    D:15: 1348 daAuts
Vaults:2: 1301 daAuts
   Orc:2: 1295 daAuts
